 Dungeon Crawl Stone Soup version 0.31-a0-167-g1c394c0614 (webtiles) character file.

Game seed: 11791433860019248410

11680 qw the Marksgargoyle (level 11, -2/72 HPs)
             Began as a Gargoyle Hunter on June 14, 2023.
             Was a Follower of Okawaru.
             Slain by a blink frog (10 damage)
             ... on level 2 of the Lair of Beasts.
             The game lasted 00:08:50 (13683 turns).

qw the Marksgargoyle (Gargoyle Hunter)             Turns: 13683, Time: 00:08:51

Health: -2/72      AC: 17    Str: 16    XL:     11   Next: 81%
Magic:  14/14      EV: 22    Int:  9    God:    Okawaru [*.....]
Gold:   496        SH:  0    Dex: 17    Spells: 10/10 levels left

rFire   . . .        Y - +0 longbow (flame)
rCold   + . .        (shield currently unavailable)
rNeg    + . .        c - +1 leather armour {rC+}
rPois   inf          q - +1 hat
rElec   +            (no cloak)
rCorr   .            (no gloves)
SInv    +            g - +2 pair of boots
Will    .....        (no amulet)
Stlth   +++          f - ring of see invisible
HPRegen 0.32/turn    l - +5 ring of evasion
MPRegen 0.14/turn

%: no passive effects
@: about to teleport, heroic
A: sickness immunity, AC +8, negative energy resistance 1, electricity
resistance, torment resistance 1, petrification resistance
a: Renounce Religion, Heroism


You were on level 2 of the Lair of Beasts.
You worshipped Okawaru.
Okawaru was aware of your devotion.
You visited 3 branches of the dungeon, and saw 12 of its levels.

You collected 606 gold pieces.
You spent 110 gold pieces at shops.


Innate Abilities, Weirdness & Mutations

You are immune to sickness and miasma.
Your stone body is resilient. (AC +8)
You are immune to poison.
You resist negative energy. (rN+)
You are resistant to electric shocks. (rElec)
You are resistant to unholy torment.
You are immune to petrification.


   Skills:
 - Level 10.0(15.0) Fighting
 - Level 15.0(20.0) Ranged Weapons
 - Level 3.0(8.0) Armour
 + Level 4.2(9.2) Dodging
 - Level 1.1(6.1) Stealth
 - Level 4.0 Invocations


You had 10 spell levels left.
You didn't know any spells.
Your spell library was empty.

Inventory:

Hand Weapons
 Y - a +0 longbow of flaming (weapon)
Armour
 c - a +1 leather armour of cold resistance (worn)
 g - a +2 pair of boots (worn)
 q - a +1 hat (worn)
Jewellery
 f - a ring of see invisible (left hand)
 j - an amulet of guardian spirit
 l - a +5 ring of evasion (right hand)
Scrolls
 o - a scroll of identify
 p - 3 scrolls of teleportation
Potions
 a - 2 potions of lignification
 b - 4 potions of curing
 d - a potion of mutation
 e - 2 potions of attraction
 k - a potion of invisibility {unknown}
 m - a potion of resistance {unknown}

Dungeon Overview and Level Annotations

Branches:
Dungeon (9/15)             Temple (1/1) D:4            Lair (2/5) D:9
 Shoals (0/4) Lair:2
  Snake: Lair:2-3    Spider: Lair:2-3       Orc: D:9-12

Altars:
Ashenzari
Cheibriados
Dithmenos
Elyvilon
Fedhas
Gozag
Hepliaklqana
Kikubaaqudgha
Makhleb
Nemelex Xobeh
Okawaru
Qazlal
Ru
Sif Muna
Trog
Uskayaw
Vehumet
Wu Jian
Xom
Yredelemnul
Zin
The Shining One

Shops:
D:4 :(![   D:7 (

Annotations:
D:3 1 runed translucent door, Crazy Yiuf


Message History

The arrow closely misses the blink frog.
The blink frog barely misses you. The blink frog closely misses you.
The blink frog hits you but does no damage.
You shoot an arrow. The arrow hits the blink frog.
The arrow burns the blink frog.
The blink frog is moderately wounded.
The blink frog hits you but does no damage.
The blink frog blinks!
The blink frog completely misses you.
You shoot an arrow. The arrow hits the blink frog!
The arrow burns the blink frog.
The blink frog is almost dead.
The blink frog blinks!
The blink frog misses you.
The blink frog blinks!
The blink frog barely misses you.
The blink frog blinks!
You shoot an arrow.
The arrow hits the five-headed hydra but does no damage.
The blink frog closely misses you. The blink frog barely misses you.
The five-headed hydra completely misses you. x2
The five-headed hydra bites you!
The five-headed hydra barely misses you.
The five-headed hydra bites you.
13681 ||| READING 4 scrolls of teleportation.
As you read the scroll of teleportation, it crumbles to dust.
You feel strangely unstable.
The blink frog blinks!
The blink frog misses you.
The five-headed hydra barely misses you.
The five-headed hydra misses you. x2
The five-headed hydra bites you but does no damage.
The five-headed hydra barely misses you.
The blink frog misses you.
13682 ||| DRINKING potion of heal wounds.
You feel much better. The blink frog hits you!
The blink frog blinks! x2; The blink frog hits you.
The five-headed hydra bites you but does no damage.
The five-headed hydra bites you.
The five-headed hydra bites you but does no damage. x3
You shoot an arrow. The arrow hits the five-headed hydra!
The arrow burns the five-headed hydra.
The five-headed hydra is moderately wounded.
The blink frog hits you!
You die...

#... #.. ... #
#.. #P. #.####
#...###.PP.##..
#.....F.......
#.....@D......
#F....FF......
#.............
#.............
#..P#.##.#.#..
#....#. .### .
##.. ## +# ...


You could see a five-headed hydra and 4 blink frogs.

Vanquished Creatures
  2 harpies (Lair:2)
  2 oklob plants (Lair:1)
  2 cane toads (Lair:1)
  3 komodo dragons (Lair:1)
  2 hornets
  Grinder (D:3)
  4 blink frogs
  14 yaks
  2 wraiths (D:9)
  4 wyverns (D:9)
  2 steam dragons (D:7)
  A vampire mosquito (D:9)
  Menkaure (D:5)
  7 water moccasins
  3 orc warriors
  3 black bears
  A sky beast (D:6)
  An ice beast (D:7)
  A centaur (D:9)
  2 phantoms (D:5)
  2 kobold brigands
  A gnoll sergeant (D:9)
  7 bullfrogs
  A scorpion (D:4)
  4 wights (D:6)
  9 killer bees
  A howler monkey (D:5)
  2 jellies
  8 orc priests
  A gnoll bouda (D:7)
  2 hounds
  3 iguanas
  2 sleepcaps (D:7)
  8 orc wizards
  9 gnolls
  6 adders
  A white imp (D:5)
  A worm (D:3)
  6 dart slugs
  23 orcs
  4 ball pythons
  3 bats
  7 endoplasms
  A giant cockroach (D:2)
  6 goblins
  9 hobgoblins
  3 quokkas
  4 frilled lizards
  18 kobolds
  2 rats (D:3)
212 creatures vanquished.

Notes
Turn   | Place    | Note
-------+----------+-------------------------------------------
     0 | D:1      | qw the Gargoyle Hunter began the quest for the Orb.
     0 | D:1      | Reached XP level 1. HP: 12/12 MP: 1/1
     0 | D:1      | 0 ||| qw: Version: 0.2-a-29-g1fa15c8
     0 | D:1      | 0 ||| qw: Game counter: 5148
     0 | D:1      | 0 ||| qw: Always use a shield: true
     0 | D:1      | 0 ||| qw: God list: Okawaru
     0 | D:1      | 0 ||| qw: Allow faded altars: false
     0 | D:1      | 0 ||| qw: Do Orc after D:15 true
     0 | D:1      | 0 ||| qw: Do second Lair branch before Depths: true
     0 | D:1      | 0 ||| qw: Lair rune preference: random
     0 | D:1      | 0 ||| qw: Plans: Normal, Zot:1-4, Slime:5, God:TSO, Crypt,
                  | Tomb, Abyss, Pan, Hells, Win
     0 | D:1      | 0 ||| PLANNING D:1-11
    42 | D:1      | Reached XP level 2. HP: 17/17 MP: 2/2
   484 | D:1      | 484 ||| UPGRADING to +0 longbow.
   485 | D:1      | 485 ||| DROPPING +0 shortbow.
   486 | D:1      | 486 ||| UPGRADING to +0 ring mail.
   496 | D:1      | 496 ||| DROPPING +0 leather armour.
   497 | D:1      | 497 ||| READING scroll labelled HAGATE EMUH.
   498 | D:1      | 498 ||| READING 2 scrolls labelled ROALOTS VING.
   499 | D:1      | 499 ||| READING scroll labelled AFEPHA WARI.
   500 | D:1      | 500 ||| DROPPING scroll of butterflies.
   501 | D:1      | 501 ||| DROPPING scroll of fear.
   576 | D:2      | Reached XP level 3. HP: 21/21 MP: 3/3
   731 | D:2      | Reached skill level 1 in Armour
   933 | D:2      | Found the +7 staff of the Meek {protect, meekguard}
  1028 | D:2      | Reached skill level 5 in Ranged Weapons
  1205 | D:2      | 1205 ||| UPGRADING to ring of see invisible.
  1206 | D:2      | 1206 ||| UPGRADING to +5 ring of evasion.
  1207 | D:2      | 1207 ||| READING 2 scrolls labelled JEOMICROFEF.
  1208 | D:2      | 1208 ||| READING scroll labelled TAYMUE SOUDI.
  1212 | D:2      | 1212 ||| READING scroll labelled WUSOCKUICE.
  1213 | D:2      | 1213 ||| DRINKING 2 coppery potions.
  1214 | D:2      | 1214 ||| DROPPING scroll of amnesia.
  1215 | D:2      | 1215 ||| DROPPING potion of brilliance.
  1276 | D:3      | Reached XP level 4. HP: 27/27 MP: 4/4
  1311 | D:3      | Reached skill level 3 in Fighting
  1358 | D:3      | Noticed Grinder
  1358 | D:3      | Paralysed by Grinder for 2 turns
  1367 | D:3      | 1367 ||| FLEEEEING.
  1368 | D:3      | 1368 ||| FLEEEEING.
  1369 | D:3      | 1369 ||| FLEEEEING.
  1370 | D:3      | 1370 ||| FLEEEEING.
  1371 | D:3      | 1371 ||| FLEEEEING.
  1386 | D:3      | 1386 ||| FLEEEEING.
  1395 | D:3      | Killed Grinder
  1396 | D:3      | Reached skill level 7 in Ranged Weapons
  1396 | D:3      | Reached XP level 5. HP: 28/32 MP: 5/5
  1396 | D:3      | Reached XP level 6. HP: 32/37 MP: 6/6
  1969 | D:3      | Found a runed translucent door.
  1970 | D:3      | Noticed Crazy Yiuf
  1973 | D:3      | 1973 ||| UPGRADING to +0 pair of boots.
  1978 | D:3      | 1978 ||| READING scroll labelled ODDOEGRUZ.
  1979 | D:3      | 1979 ||| READING scroll labelled TUZADA IQUEH.
  1980 | D:3      | 1980 ||| DRINKING 2 glowing cyan potions.
  2134 | D:4      | Found Giasyf's Weapon Boutique.
  2414 | D:4      | Found Deybli's Distillery.
  2422 | D:4      | 2422 ||| SHOPLISTING 2 potions of haste (200 gold, have
                  | 110).
  2422 | D:4      | 2422 ||| BUYING potion of attraction (30 gold).
  2422 | D:4      | Bought a potion of attraction for 30 gold pieces
  2422 | D:4      | 2422 ||| BUYING potion of curing (30 gold).
  2422 | D:4      | Bought a potion of curing for 30 gold pieces
  2422 | D:4      | 2422 ||| BUYING potion of heal wounds (50 gold).
  2422 | D:4      | Bought a potion of heal wounds for 50 gold pieces
  2422 | D:4      | 2422 ||| SHOPLISTING potion of heal wounds (50 gold, have
                  | 0).
  2481 | D:4      | Found Omeuk's Book Emporium.
  2545 | D:4      | Found Zoepuri's Armour Boutique.
  2557 | D:4      | 2557 ||| SHOPLISTING +2 leather armour of willpower (266
                  | gold, have 15).
  2759 | D:4      | Found a staircase to the Ecumenical Temple.
  2760 | D:4      | 2760 ||| PLANNING TEMPLE
  2760 | D:4      | 2760 ||| DRINKING 2 sedimented inky potions.
  2761 | D:4      | 2761 ||| DRINKING 4 potions of curing.
  2761 | D:4      | 2761 ||| (to cure confusion)
  2762 | D:4      | 2762 ||| DROPPING potion of ambrosia.
  2771 | Temple   | Entered the Ecumenical Temple
  2774 | Temple   | 2774 ||| PLANNING OKAWARU WORSHIP
  2859 | Temple   | Became a worshipper of Warmaster Okawaru
  2860 | Temple   | 2860 ||| PLANNING D:1-11
  3081 | D:4      | Reached XP level 7. HP: 43/43 MP: 7/7
  3103 | D:4      | 3103 ||| READING scroll of enchant armour.
  3103 | D:4      | 3103 ||| ENCHANTING +0 pair of boots.
  3356 | D:4      | 3356 ||| READING scroll labelled TAHEMI JORUIL.
  3357 | D:4      | 3357 ||| READING 3 scrolls labelled JAXEBI ERODEMM.
  3358 | D:4      | 3358 ||| READING 2 scrolls of identify.
  3358 | D:4      | 3358 ||| IDENTIFYING clear potion
  3359 | D:4      | 3359 ||| DROPPING 2 scrolls of noise.
  3404 | D:5      | Entered Level 5 of the Dungeon
  3409 | D:5      | Reached * piety under Okawaru
  3410 | D:5      | Reached skill level 8 in Ranged Weapons
  3421 | D:5      | Reached skill level 1 in Invocations
  3523 | D:5      | 3523 ||| INVOKING Heroism.
  3744 | D:5      | Found a hide-covered altar of Uskayaw.
  3779 | D:5      | Noticed Menkaure
  3780 | D:5      | 3780 ||| INVOKING Heroism.
  3783 | D:5      | Killed Menkaure
  3784 | D:5      | Reached skill level 3 in Invocations
  3784 | D:5      | Reached XP level 8. HP: 18/49 MP: 7/10
  3784 | D:5      | 3784 ||| FLEEEEING.
  3785 | D:5      | 3785 ||| FLEEEEING.
  3800 | D:5      | 3800 ||| INVOKING Heroism.
  4142 | D:5      | 4142 ||| DRINKING 2 ruby potions.
  4143 | D:5      | 4143 ||| DROPPING potion of enlightenment.
  4199 | D:6      | 4199 ||| Stepping ~*~*~tactically~*~*~ (outnumbered).
  4200 | D:6      | 4200 ||| Stepping ~*~*~tactically~*~*~ (outnumbered).
  4202 | D:6      | 4202 ||| Stepping ~*~*~tactically~*~*~ (outnumbered).
  4311 | D:6      | 4311 ||| INVOKING Heroism.
  4400 | D:6      | Reached skill level 9 in Ranged Weapons
  4416 | D:6      | Reached skill level 6 in Fighting
  4477 | D:6      | Reached ** piety under Okawaru
  4481 | D:6      | 4481 ||| INVOKING Heroism.
  4873 | D:6      | 4873 ||| INVOKING Heroism.
  4880 | D:6      | Reached XP level 9. HP: 42/55 MP: 9/12
  5131 | D:6      | 5131 ||| READING 2 scrolls labelled LAKYTS JEAT.
  5132 | D:6      | 5132 ||| DROPPING scroll of vulnerability.
  5153 | D:7      | 5153 ||| INVOKING Heroism.
  5154 | D:7      | 5154 ||| Stepping ~*~*~tactically~*~*~ (outnumbered).
  5157 | D:7      | 5157 ||| Stepping ~*~*~tactically~*~*~ (outnumbered).
  5171 | D:7      | 5171 ||| INVOKING Heroism.
  5174 | D:7      | 5174 ||| Stepping ~*~*~tactically~*~*~ (outnumbered).
  5225 | D:7      | 5225 ||| INVOKING Heroism.
  5245 | D:7      | 5245 ||| INVOKING Heroism.
  5248 | D:7      | Reached skill level 10 in Ranged Weapons
  5445 | D:7      | Found a white marble altar of Elyvilon.
  5559 | D:7      | 5559 ||| INVOKING Heroism.
  5643 | D:7      | 5643 ||| INVOKING Heroism.
  5646 | D:7      | 5646 ||| Stepping ~*~*~tactically~*~*~ (cloud).
  5653 | D:7      | 5653 ||| Stepping ~*~*~tactically~*~*~ (cloud).
  5738 | D:7      | Found Zeig Wan's Weapon Emporium.
  5884 | D:7      | 5884 ||| Stepping ~*~*~tactically~*~*~ (outnumbered).
  5942 | D:7      | Found a blossoming altar of Fedhas.
  5962 | D:7      | 5962 ||| INVOKING Heroism.
  6003 | D:7      | 6003 ||| FLEEEEING.
  6008 | D:7      | 6008 ||| FLEEEEING.
  6009 | D:7      | 6009 ||| FLEEEEING.
  6010 | D:7      | 6010 ||| FLEEEEING.
  6011 | D:7      | 6011 ||| FLEEEEING.
  6012 | D:7      | 6012 ||| FLEEEEING.
  6013 | D:7      | 6013 ||| FLEEEEING.
  6014 | D:7      | 6014 ||| FLEEEEING.
  6015 | D:7      | 6015 ||| FLEEEEING.
  6016 | D:7      | 6016 ||| FLEEEEING.
  6017 | D:7      | 6017 ||| FLEEEEING.
  6018 | D:7      | 6018 ||| FLEEEEING.
  6019 | D:7      | 6019 ||| FLEEEEING.
  6024 | D:7      | 6024 ||| FLEEEEING.
  6026 | D:7      | Reached skill level 11 in Ranged Weapons
  6214 | D:7      | 6214 ||| UPGRADING to +1 hat.
  6219 | D:7      | 6219 ||| READING scroll labelled OMIATU GOTTEOG.
  6320 | D:7      | 6320 ||| READING 2 scrolls of identify.
  6320 | D:7      | 6320 ||| IDENTIFYING murky ruby potion
  6321 | D:7      | 6321 ||| DROPPING potion of degeneration.
  6384 | D:8      | 6384 ||| INVOKING Heroism.
  6576 | D:8      | 6576 ||| INVOKING Heroism.
  6669 | D:8      | 6669 ||| INVOKING Heroism.
  6673 | D:8      | Reached skill level 3 in Dodging
  6678 | D:8      | Reached skill level 3 in Armour
  7219 | D:8      | Noticed a hornet
  7225 | D:8      | Killed a hornet
  7226 | D:8      | Reached XP level 10. HP: 64/64 MP: 13/13
  7343 | D:8      | 7343 ||| UPGRADING to +1 leather armour of cold resistance.
  7353 | D:8      | 7353 ||| DROPPING +0 ring mail.
  7354 | D:8      | 7354 ||| READING 2 scrolls of identify.
  7354 | D:8      | 7354 ||| IDENTIFYING golden potion
  7369 | D:9      | 7369 ||| STAIRDANCE
  7460 | D:9      | Reached skill level 12 in Ranged Weapons
  7509 | D:9      | Found a staircase to the Lair.
  7528 | D:9      | 7528 ||| INVOKING Heroism.
  7737 | D:9      | 7737 ||| DRINKING 5 potions of curing.
  7737 | D:9      | 7737 ||| (to cure confusion)
  7745 | D:9      | Reached *** piety under Okawaru
  7824 | D:9      | Found a glowing golden altar of the Shining One.
  7859 | D:9      | 7859 ||| INVOKING Heroism.
  7861 | D:9      | 7861 ||| Stepping ~*~*~tactically~*~*~ (outnumbered).
  7881 | D:9      | 7881 ||| INVOKING Heroism.
  7885 | D:9      | Reached skill level 13 in Ranged Weapons
  7984 | D:9      | 7984 ||| INVOKING Heroism.
  8346 | D:9      | Reached skill level 9 in Fighting
  8471 | D:9      | 8471 ||| PLANNING LAIR
  8471 | D:9      | 8471 ||| UPGRADING to +2 pair of boots.
  8481 | D:9      | 8481 ||| DROPPING +1 pair of boots.
  8482 | D:9      | 8482 ||| DRINKING 2 fuming emerald potions.
  8587 | D:9      | 8587 ||| DROPPING potion of berserk rage.
  8609 | Lair:1   | Entered Level 1 of the Lair of Beasts
  8637 | Lair:1   | 8637 ||| INVOKING Heroism.
  8643 | Lair:1   | Reached XP level 11. HP: 71/71 MP: 11/14
  8665 | Lair:1   | Noticed an oklob plant
  8666 | Lair:1   | 8666 ||| INVOKING Heroism.
  8676 | Lair:1   | Killed an oklob plant
  8695 | Lair:1   | 8695 ||| INVOKING Heroism.
  8705 | Lair:1   | Reached skill level 14 in Ranged Weapons
  8727 | Lair:1   | Noticed an oklob plant
  8728 | Lair:1   | 8728 ||| INVOKING Heroism.
  8735 | Lair:1   | Killed an oklob plant
  8802 | Lair:1   | 8802 ||| INVOKING Heroism.
  8863 | Lair:1   | 8863 ||| INVOKING Heroism.
  9590 | Lair:1   | 9590 ||| READING scroll labelled DEOFASO ZANUHU.
  9632 | Lair:1   | Noticed an oklob plant
  9633 | Lair:1   | 9633 ||| INVOKING Heroism.
  9738 | Lair:1   | 9738 ||| INVOKING Heroism.
  9843 | Lair:1   | 9843 ||| INVOKING Heroism.
  9948 | Lair:1   | 9948 ||| INVOKING Heroism.
 10053 | Lair:1   | 10053 ||| INVOKING Heroism.
 10158 | Lair:1   | 10158 ||| INVOKING Heroism.
 10263 | Lair:1   | 10263 ||| INVOKING Heroism.
 10368 | Lair:1   | 10368 ||| INVOKING Heroism.
 10473 | Lair:1   | 10473 ||| INVOKING Heroism.
 10578 | Lair:1   | 10578 ||| INVOKING Heroism.
 10683 | Lair:1   | 10683 ||| INVOKING Heroism.
 10788 | Lair:1   | 10788 ||| INVOKING Heroism.
 10893 | Lair:1   | 10893 ||| INVOKING Heroism.
 10998 | Lair:1   | 10998 ||| INVOKING Heroism.
 11103 | Lair:1   | 11103 ||| INVOKING Heroism.
 11208 | Lair:1   | 11208 ||| INVOKING Heroism.
 11313 | Lair:1   | 11313 ||| INVOKING Heroism.
 13624 | Lair:1   | Glimpsed the power of Zot.
 13655 | Lair:2   | Noticed a harpy
 13655 | Lair:2   | Noticed a harpy
 13655 | Lair:2   | Noticed a boulder beetle
 13655 | Lair:2   | Found a staircase to the Shoals.
 13658 | Lair:2   | Killed a harpy
 13659 | Lair:2   | 13659 ||| INVOKING Heroism.
 13664 | Lair:2   | HP: 16/72 [harpy (4)]
 13665 | Lair:2   | 13665 ||| READING 5 scrolls of teleportation.
 13666 | Lair:2   | 13666 ||| DRINKING 2 potions of heal wounds.
 13668 | Lair:2   | Killed a harpy
 13669 | Lair:2   | Reached skill level 15 in Ranged Weapons
 13671 | Lair:2   | Noticed a five-headed hydra
 13680 | Lair:2   | HP: 12/72 [five-headed hydra (11)]
 13681 | Lair:2   | 13681 ||| READING 4 scrolls of teleportation.
 13682 | Lair:2   | 13682 ||| DRINKING potion of heal wounds.
 13683 | Lair:2   | Slain by a blink frog

Levels and vault maps discovered:
D:1:      psy_arrival_basics, layout_rooms, dk_noncrumbling_4,
          minmay_pentomino_z4
D:2:      layout_loops_ring, st_stairs_13
D:3:      layout_rooms, grunt_ministairs_5, hex_medium, hex_large,
          chequers_serial_rivers_micro_c, minmay_misc_feat_enclosed,
          uniq_crazy_yiuf_cottage, uniq_grinder
D:4:      minmay_spotlight, layout_layer_cave, temple_hall, serial_shops, shop,
          nicolae_shop_crystal, shop, nicolae_shop_back_alley_shop
D:5:      layout_basic, mainiacjoe_overflow_paths, uniq_menkaure
D:6:      layout_basic
D:7:      layout_basic, kennysheep_little_box, mainiacjoe_overflow_chevrons,
          serial_shops, nicolae_lakefront_shop
D:8:      layout_layer_cave
D:9:      layout_cave_pods, marbit_many_paths, minmay_lair_entry_grove,
          serial_column_ruins, column_ruins_hut_ruined, column_ruins_grid_1,
          column_ruins_open_tiny, column_ruins_open_medium,
          column_ruins_open_tiny
Temple:   dpeg_three_leaves_temple
Lair:1:   minmay_lair_oklob_tunnel, layout_cave_pods, serial_forest,
          infiniplex_forest_lined_ring, infiniplex_forest_clump_tiny,
          infiniplex_forest_lined_3, infiniplex_forest_corner_2, st_stairs_7,
          grunt_megastairs_1
Lair:2:   layout_regular_city, nicolae_shoals_entry_roost, beast_lair_carwin_10,
          uniq_harold

Skill      XL: |  1  2  3  4  5  6  7  8  9 10 11 |
---------------+----------------------------------+-----
Armour         | 1 2 3 |  3.0
Ranged Weapons | 5 7 8 9 11 13 15 | 15.0
Fighting       | 3 4 5 6 8 9 10 | 10.0
Invocations    | 3 4 |  4.0
Dodging        | 2 3 4 |  4.2
Stealth        | |  1.1

Action                     |  1- 3 |  4- 6 |  7- 9 | 10-12 || total
---------------------------+-------+-------+-------+-------++-------
  Melee: Unarmed           |       |     1 |       |       ||     1
   Fire: Shortbow          |    50 |       |       |       ||    50
         Longbow           |    48 |   106 |   278 |   272 ||   704
 Invoke: Heroism           |       |       |    16 |    28 ||    44
    Use: Scroll            |     6 |     2 |     7 |     4 ||    19
         Potion            |     1 |     3 |     1 |     4 ||     9
 Armour: Leather armour    |     4 |       |       |    51 ||    55
         Ring mail         |    10 |    20 |    56 |       ||    86
  Dodge: Dodged            |    13 |    67 |   178 |   178 ||   436

Table legend:
 A = Non-vault XP
 B = Vault XP
 C = Vault XP percentage of total XP
 D = Non-vault monster count
 E = Vault monster count
 F = Vault count percentage of total count
                 A         B        C        D         E       F
            +---------+---------+-------+---------+---------+-------
      Total |    9772 |    6914 |  41.4 |     175 |      37 |  17.5
            +---------+---------+-------+---------+---------+-------
        D:1 |      28 |       5 |  15.2 |      15 |       3 |  16.7
        D:2 |      23 |       6 |  20.7 |      11 |       2 |  15.4
        D:3 |     163 |     296 |  64.5 |      25 |       3 |  10.7
        D:4 |      17 |     100 |  85.5 |       7 |       4 |  36.4
        D:5 |     715 |     172 |  19.4 |      19 |       1 |   5.0
        D:6 |     865 |       0 |   0.0 |      18 |       0 |   0.0
        D:7 |    1490 |       0 |   0.0 |      28 |       0 |   0.0
        D:8 |     804 |       0 |   0.0 |      13 |       0 |   0.0
        D:9 |    1873 |    2359 |  55.7 |      22 |      13 |  37.1
     Lair:1 |    3530 |    2711 |  43.4 |      16 |       9 |  36.0
     Lair:2 |     264 |    1265 |  82.7 |       1 |       2 |  66.7
            +---------+---------+-------+---------+---------+-------
